 Dungeon Crawl Stone Soup version 0.30-a0-718-geaa24f58ff (webtiles) character file.

Game seed: 5137804644735505563

2769 testman the Fighter (level 9, 0/112 HPs)
             Began as a Demonspawn Reaver on Jan 25, 2023.
             Was an Initiate of Gozag.
             Succumbed to a killer bee's poison
             ... on level 7 of the Dungeon.
             The game lasted 00:34:14 (6979 turns).

testman the Fighter (Demonspawn Reaver)             Turns: 6979, Time: 00:34:15

Health: 0/112      AC: 24    Str: 12    XL:     9   Next: 42%
Magic:  15/15      EV:  2    Int: 18    God:    Gozag
Gold:   237        SH:  5    Dex: 13    Spells: 4/16 levels left

rFire   + . .      SeeInvis +    a - +0 short sword
rCold   + . .      Faith    .    (no shield)
rNeg    . . .      Spirit   .    (body armour currently unavailable)
rPois   +          Reflect  +    (helmet currently unavailable)
rElec   +          Harm     .    (cloak currently unavailable)
rCorr   +          Rampage  .    (gloves currently unavailable)
Will    .....      NoTele   +    (boots currently unavailable)
Stlth   +                        k - amulet of reflection
HPRegen 0.38/turn                y - ring of wizardry
MPRegen 0.14/turn                m - ring of see invisible

@: lethally poisoned (0 -> -24), tree-form, resistant, gold aura, hasted, very
quick
A: stationary, stasis, torment immunity, boosted hp, (antennae 1), powered by
pain 1, (spiny 1), (sturdy frame 3)
a: Renounce Religion, Potion Petition, Call Merchant, Bribe Branch


You were on level 7 of the Dungeon.
You worshipped Gozag.
Gozag was aware of your devotion.
You were a tree.
You visited 2 branches of the dungeon, and saw 8 of its levels.

You collected 532 gold pieces.
You spent 28 gold pieces at shops.
You paid 267 gold pieces to Gozag.

Inventory:

Hand Weapons
 a - a +0 short sword (weapon)
 f - a +0 sling
 G - a +0 long sword
Missiles
 v - 6 poisoned darts
 x - 5 boomerangs
 A - 6 atropa-tipped darts
Armour
 b - a +0 leather armour
 r - a +1 pair of gloves (melded)
 u - a +1 cloak
 B - a scarf of shadows (melded)
 I - a +0 ring mail (melded)
Jewellery
 k - an amulet of reflection (around neck)
 m - a ring of see invisible (right branch)
 t - a ring of fire
 y - a ring of wizardry (left branch)
Wands
 F - a wand of light (10)
 H - a wand of charming (10)
Scrolls
 h - 5 scrolls of teleportation
 i - a scroll of enchant weapon
 j - 2 scrolls of poison
 l - a scroll of noise {unknown}
 n - a scroll of fog {unknown}
 z - a scroll of brand weapon {unknown}
 C - 3 scrolls of vulnerability {unknown}
 E - 3 scrolls of magic mapping {unknown}
 J - a scroll of identify
Potions
 d - a potion of magic
 e - 2 potions of cancellation
 g - 2 potions of attraction
 p - a potion of flight {unknown}
 q - 2 potions of mutation
 s - 2 potions of berserk rage {unknown}
 w - a potion of curing {unknown}
 D - a potion of ambrosia {unknown}


   Skills:
 + Level 8.7 Fighting
 - Level 3.0 Short Blades
 + Level 1.2 Armour
 + Level 2.4 Dodging
 + Level 4.2 Spellcasting
 - Level 5.0 Conjurations
 - Level 3.0 Necromancy
 - Level 2.0 Translocations
 - Level 3.0 Ice Magic
 - Level 3.0 Air Magic
 - Level 3.3 Poison Magic


You had 4 spell levels left.
You knew the following spells:

 Your Spells              Type           Power      Damage    Failure   Level
a - Kiss of Death         Conj/Necr      72%        2d10      1%          1
b - Momentum Strike       Conj/Tloc      32%        3d8       2%          2
c - Hailstorm             Conj/Ice       18%        3d6       3%          3
d - Necrotise             Necr           56%        1d6       1%          1
e - Mephitic Cloud        Conj/Pois/Air  17%        N/A       3%          3
f - Cigotuvi's Dreadful   Necr/Pois/Air  30%        N/A       2%          2

Your spell library contained the following spells:

 Spells                   Type           Power      Damage    Failure   Level
 Magic Dart               Conj           84%        1d7       1%          1
 Apportation              Tloc           22%        N/A       2%          1
 Summon Small Mammal      Summ           12%        N/A       6%          1
 Call Imp                 Summ           3%         N/A       9%          2
 Irradiate                Conj/Tmut      6%         3d13      47%         5
 Blade Hands              Tmut           1%         N/A       82%         5


Dungeon Overview and Level Annotations

Branches:
Dungeon (7/15)             Temple (1/1) D:5

Altars:
Cheibriados
Dithmenos
Fedhas
Gozag
Hepliaklqana
Kikubaaqudgha
Makhleb
Nemelex Xobeh
Okawaru
Qazlal
Sif Muna
Uskayaw
Wu Jian
Yredelemnul

Shops:
D:4 !(


Innate Abilities, Weirdness & Mutations

You are a tree.
Your roots penetrate the ground, keeping you stationary.
You cannot be teleported.
You are immune to unholy pain and torment.
Your maximum health is greatly increased.
Your equipment is partially melded.
((You have a pair of small antennae on your head.))
You sometimes gain a little power by taking damage.
((You are partially covered in sharp spines.))
((Your movements are significantly less encumbered by armour. (ER -6)))


Message History

Okay, then.
Okay, then. [a] - 210 gold - resistance [b] - 600 gold - heal wounds, haste and resistance [c] - 928 gold - haste, heal wounds, lignification, might and resistance Purchase which effect?
You don't have enough gold for that! [a] - 210 gold - resistance [b] - 600 gold - heal wounds, haste and resistance [c] - 928 gold - haste, heal wounds, lignification, might and resistance Purchase which effect? [a] - 210 gold - resistance [b] - 600 gold - heal wounds, haste and resistance [c] - 928 gold - haste, heal wounds, lignification, might and resistance Purchase which effect? [a] - 210 gold - resistance [b] - 600 gold - heal wounds, haste and resistance [c] - 928 gold - haste, heal wounds, lignification, might and resistance Purchase which effect?
You no longer have enough gold to petition Gozag for potion effects.
You feel protected.
* * * LOW HITPOINT WARNING * * *
You feel extremely sick.
The killer bee is struck by your spines.
You kill the killer bee!
The killer bee is distracted by your dazzling golden aura.
Your life force feels restored.
Really quaff the potion of lignification?
You turn into a tree.
Your scarf of shadows melds into your body.
Your +1 pair of gloves melds into your body.
Your +0 ring mail melds into your body.
The dungeon's light returns to normal.
Your roots penetrate the ground.
* * * LOW HITPOINT WARNING * * *
You feel extremely sick.
The killer bee is no longer distracted by gold.
The killer bee stings you but does no damage. x2
It was a potion of haste.
You feel yourself speed up.
You die...
Your body crumbles into a pile of gold.

###....#
#...............###
....######.........##.##...
...................##.# ...
...................# .#
..#................# <#
.......P..P........# .##
..#................##..#
..#.....♣♣.......$...#
..#####.♣♣♣.[...♣y.#...#
..# ####.......$.##..# ..#
#####...### ..# ### #.....)
#..< #.#.### .... #.#.#
##.. #.#.# #.#.#


You could see a killer bee.

Vanquished Creatures
  A hornet (D:7)
  Grinder (D:3)
  Sigmund (D:3)
  A wraith (D:6)
  Eustachio (D:4)
  A steam dragon (D:5)
  Edmund (D:4)
  Menkaure (D:4)
  An ice beast (D:5)
  2 black bears (D:5)
  2 phantoms (D:5)
  Blork the orc (D:4)
  A bullfrog (D:5)
  4 scorpions
  3 killer bees (D:7)
  A howler monkey (D:6)
  A hound (D:6)
  2 jellies
  2 orc priests (D:5)
  A gnoll bouda (D:6)
  4 iguanas
  3 orc wizards (D:5)
  Robin (D:2)
  8 gnolls
  5 adders
  A shadow imp (D:7)
  3 white imps (D:6)
  An ufetubus (D:7)
  2 worms
  4 dart slugs
  11 orcs
  7 bats
  8 endoplasms
  A giant cockroach (D:1)
  15 goblins
  7 hobgoblins
  A quokka (D:4)
  5 ball pythons
  3 frilled lizards
  6 kobolds
  3 rats
128 creatures vanquished.

Vanquished Creatures (collateral kills)
  A gnoll (D:4)
1 creature vanquished.

Vanquished Creatures (others)
  2 demonic plants (D:7)
2 creatures vanquished.

Grand Total: 131 creatures vanquished

Notes
Turn   | Place    | Note
-------+----------+-------------------------------------------
     0 | D:1      | testman the Demonspawn Reaver began the quest for the Orb.
     0 | D:1      | Reached XP level 1. HP: 16/16 MP: 3/3
    84 | D:1      | Reached skill level 1 in Necromancy
   203 | D:1      | Gained mutation: You are partially covered in sharp spines.
                  | [demonic ancestry]
   203 | D:1      | Reached XP level 2. HP: 20/20 MP: 5/5
   206 | D:1      | Learned a level 2 spell: Momentum Strike
   761 | D:1      | Reached skill level 1 in Translocations
   956 | D:2      | Reached XP level 3. HP: 27/27 MP: 3/6
  1140 | D:2      | Noticed Robin
  1165 | D:2      | Killed Robin
  1705 | D:3      | Gained mutation: You sometimes gain a little power by
                  | taking damage. [demonic ancestry]
  1705 | D:3      | Reached XP level 4. HP: 34/34 MP: 4/7
  1916 | D:3      | Noticed Grinder
  1927 | D:3      | Paralysed by Grinder for 3 turns
  1928 | D:3      | Found a sparkling altar of Nemelex Xobeh.
  1928 | D:3      | Found a hide-covered altar of Uskayaw.
  1928 | D:3      | Found an iron altar of Okawaru.
  1928 | D:3      | Noticed a scorpion
  1933 | D:3      | Killed a scorpion
  2053 | D:3      | Killed Grinder
  2054 | D:3      | Reached skill level 3 in Fighting
  2054 | D:3      | Reached skill level 1 in Ice Magic
  2054 | D:3      | Gained mutation: Your movements are slightly less
                  | encumbered by armour. (ER -2) [demonic ancestry]
  2054 | D:3      | Reached XP level 5. HP: 13/41 MP: 1/9
  2054 | D:3      | Gained mutation: You have a pair of small antennae on your
                  | head. [demonic ancestry]
  2054 | D:3      | Reached XP level 6. HP: 14/47 MP: 1/10
  2259 | D:3      | Noticed Sigmund
  2269 | D:3      | Killed Sigmund
  2283 | D:3      | Learned a level 3 spell: Hailstorm
  2354 | D:3      | Learned a level 1 spell: Necrotise
  2538 | D:4      | Reached skill level 4 in Fighting
  2538 | D:4      | Reached XP level 7. HP: 50/54 MP: 8/12
  2574 | D:4      | Found Hipnari's Antique Weapon Shoppe.
  2652 | D:4      | Noticed Edmund
  2659 | D:4      | Noticed Blork the orc
  2817 | D:4      | Killed Blork the orc
  2835 | D:4      | Got Nirgho Wenu's Grimoire of the Assassin and the
                  | Shapeshifter
  2941 | D:4      | Killed Edmund
  3127 | D:4      | Found Numir's Distillery.
  3312 | D:4      | Bought 2 potions of degeneration for 28 gold pieces
  3340 | D:4      | Noticed Eustachio
  3377 | D:4      | Killed Eustachio
  3378 | D:4      | Reached skill level 5 in Fighting
  3378 | D:4      | Reached skill level 5 in Conjurations
  3488 | D:4      | Noticed Menkaure
  3498 | D:4      | Killed Menkaure
  3499 | D:4      | Gained mutation: Your movements are less encumbered by
                  | armour. (ER -4) [demonic ancestry]
  3499 | D:4      | Reached XP level 8. HP: 35/64 MP: 7/14
  3943 | D:5      | Entered Level 5 of the Dungeon
  3984 | D:5      | Reached skill level 6 in Fighting
  4132 | D:5      | Found a staircase to the Ecumenical Temple.
  4137 | Temple   | Entered the Ecumenical Temple
  4418 | Temple   | Became a worshipper of Gozag Ym Sagoz the Greedy
  4508 | D:5      | Reached skill level 7 in Fighting
  4752 | D:5      | Learned a level 3 spell: Mephitic Cloud
  4755 | D:5      | Learned a level 2 spell: Cigotuvi's Dreadful Rot
  4944 | D:5      | Reached skill level 1 in Air Magic
  4944 | D:5      | Reached skill level 1 in Poison Magic
  5039 | D:5      | Reached skill level 8 in Fighting
  5222 | D:5      | Found a snail-covered altar of Cheibriados.
  5302 | D:5      | Gained mutation: Your movements are significantly less
                  | encumbered by armour. (ER -6) [demonic ancestry]
  5302 | D:5      | Reached XP level 9. HP: 28/68 MP: 13/15
  6563 | D:7      | Paralysed by a hornet for 1 turns
  6569 | D:7      | Paralysed by a hornet for 1 turns
  6887 | D:7      | Reached skill level 1 in Armour
  6979 | D:7      | Succumbed to a killer bee's poison

Illustrated notes

Levels and vault maps discovered:
D:1:      lemuel_arrival_rhombus, layout_basic
D:2:      layout_basic, minmay_pentomino_z2, uniq_robin
D:3:      layout_loops_ring, gammafunk_temple_overflow_forgotten, uniq_sigmund,
          uniq_grinder
D:4:      layout_basic, serial_shops, nicolae_shop_crystal,
          nicolae_inconvenience_store, uniq_edmund, uniq_blork_the_orc,
          uniq_eustachio, uniq_menkaure
D:5:      layout_basic, mainiacjoe_overflow_alcove_2,
          minmay_temple_entry_statues_pillars
D:6:      layout_cave_pods
D:7:      layout_rooms, xom_teletrap_fun, serial_demonic, serial_demonic_f,
          serial_demonic_b, serial_demonic_e, serial_demonic_b,
          serial_demonic_e, serial_demonic_b
Temple:   oiseaux_autumnal_temple

Skill      XL: |  1  2  3  4  5  6  7  8  9 |
---------------+----------------------------+-----
Necromancy     | 1 2 3 |  3.0
Translocations | 1 2 |  2.0
Dodging        | 2 |  2.4
Fighting       | 3 4 5 8 |  8.7
Spellcasting   | 3 4 |  4.2
Conjurations   | 4 5 |  5.0
Ice Magic      | 1 2 3 |  3.0
Air Magic      | 2 3 |  3.0
Poison Magic   | 2 3 |  3.3
Short Blades   | 3 |  3.0
Armour         | 1 |  1.2

Action                     |  1- 3 |  4- 6 |  7- 9 || total
---------------------------+-------+-------+-------++-------
  Melee: Short sword       |   122 |    40 |   229 ||   391
         Punch             |     1 |     1 |     3 ||     5
   Cast: Kiss of Death     |     1 |     1 |     2 ||     4
         Momentum Strike   |     6 |     8 |    38 ||    52
         Necrotise         |       |     1 |    59 ||    60
         Hailstorm         |       |       |     6 ||     6
 Invoke: Potion Petition   |       |       |     1 ||     1
    Use: Scroll            |       |     3 |     8 ||    11
         Potion            |       |       |     3 ||     3
   Stab: Sleeping          |       |     1 |     3 ||     4
 Armour: Leather armour    |    30 |     5 |    36 ||    71
         Ring mail         |       |       |    12 ||    12
         Skin              |       |       |     2 ||     2
  Dodge: Dodged            |    52 |    11 |   103 ||   166
  Block: Other             |    10 |     3 |    49 ||    62
         Reflection        |       |       |     1 ||     1

Table legend: (Time is in decaauts)
 A = Elapsed time spent in this place.
 B = Non-inter-level travel time spent in this place.
 C = Inter-level travel time spent in this place.
 D = Time resting spent in this place.
 E = Time spent auto-exploring this place.
 F = Levels seen in this place.
 G = Mean time per level.
                   A        B        C        D        E       F      G
               +--------+--------+--------+--------+--------+-----+--------+
         Total |   6944 |   6405 |    539 |    456 |   4870 |   8 |  868.0 |
       Dungeon |   6617 |   6171 |    446 |    456 |   4649 |   7 |  945.3 |
        Temple |    327 |    234 |     93 |      0 |    221 |   1 |  327.0 |
               +--------+--------+--------+--------+--------+-----+--------+

Top non-repeatable levels by time:
     D:4: 1265 daAuts
     D:6: 1189 daAuts
     D:5: 1185 daAuts
     D:3: 1028 daAuts
     D:1: 823 daAuts
     D:2: 793 daAuts
     D:7: 332 daAuts
  Temple: 327 daAuts
